 Dungeon Crawl Stone Soup version 0.31.0 (webtiles) character file.

Game seed: 1748423898134451190

770 qw the Skirmisher (level 7, -9/44 HPs)
             Began as a Gargoyle Hunter on Jan 19, 2024.
             Killed by divine providence
             ... invoked by an orc priest
              (13 damage)
             ... on level 5 of the Dungeon.
             The game lasted 00:00:15 (3145 turns).

qw the Skirmisher (Gargoyle Hunter)                 Turns: 3145, Time: 00:00:16

Health: -9/44      AC: 11    Str: 14    XL:     7   Next: 83%
Magic:  7/7        EV: 12    Int: 10    God:
Gold:   296        SH:  5    Dex: 15    Spells: 6/6 levels left

rFire   . . .        a - +0 shortbow
rCold   . . .        (shield currently unavailable)
rNeg    + . .        j - +0 troll leather armour {Pargi}
rPois   inf          g - +2 helmet
rElec   +            (no cloak)
rCorr   .            (no gloves)
SInv    .            (no boots)
Will    .....        d - amulet of reflection
Stlth   ++           (no ring)
HPRegen 1.07/turn    (no ring)
MPRegen 0.10/turn

%: reflection
@: no status effects
A: sickness immunity, AC +4, negative energy resistance 1, electricity
resistance, torment resistance 1, petrification resistance
a: no special abilities


You were on level 5 of the Dungeon.
You visited 1 branch of the dungeon, and saw 5 of its levels.
You also visited: Sewer.

You collected 296 gold pieces.


Innate Abilities, Weirdness & Mutations

You are immune to sickness and miasma.
Your stone body is resilient. (AC +4)
You are immune to poison.
You resist negative energy. (rN+)
You are resistant to electric shocks. (rElec)
You are resistant to unholy torment.
You are immune to petrification.


   Skills:
 + Level 4.6 Fighting
 - Level 8.1 Ranged Weapons
 - Level 2.2 Armour
 - Level 2.0 Dodging
 - Level 1.1 Stealth


You had 6 spell levels left.
You didn't know any spells.
Your spell library was empty.

Inventory:

Hand Weapons
 a - a +0 shortbow (weapon)
Armour
 g - a +2 helmet (worn)
 j - a +0 troll leather armour (worn) {Pargi}
Jewellery
 d - an amulet of reflection (around neck)
Wands
 b - a wand of paralysis (6)
Scrolls
 f - a scroll of teleportation {unknown}
Potions
 c - a potion of degeneration {unknown}
 e - a potion of might {unknown}
 h - a potion of curing
 i - 2 potions of haste
 k - a potion of attraction {unknown}
 l - a potion of ambrosia {unknown}
 m - a potion of invisibility {unknown}

Dungeon Overview and Level Annotations

Branches:
Dungeon (5/15)              Sewer (visited)
 Temple: D:4-7

Altars:
Ru
The Shining One


Message History

The orc priest hits you but does no damage.
You shoot an arrow. The arrow barely misses the orc priest.
The orc barely misses you. The orc priest barely misses you.
The orc closely misses you. x2
You shoot an arrow.
The arrow completely misses the orc priest.
The orc misses you. The orc priest hits you with a +0 club.
You hear some strange, mumbled words.
A puff of flame appears from out of thin air!
The puff of flame hits you but does no damage.
The orc hits you but does no damage. You block the orc's attack.
You shoot an arrow. The arrow barely misses the orc priest.
You block the orc's attack.
The orc priest hits you but does no damage.
Something hits you but does no damage. The orc hits you with a +0 hand axe.
The orc hits you from afar with a +0 trident.
You shoot an arrow. The arrow hits the orc priest.
The orc priest is almost dead.
The orc hits you but does no damage. The orc priest closely misses you.
You block something's attack. The orc hits you with a +0 hand axe.
The orc closely misses you.
You shoot an arrow.
The arrow hits the orc priest but does no damage.
The orc priest is almost dead.
You shoot an arrow.
The arrow closely misses the orc priest.
You block the orc priest's attack. Something hits you but does no damage.
The orc hits you with a +0 hand axe. The orc hits you but does no damage.
You shoot an arrow. The arrow barely misses the orc priest.
The orc completely misses you. The orc priest closely misses you.
Something completely misses you. The orc hits you but does no damage.
The orc closely misses you. The orc barely misses you.
The orc hits you but does no damage. Something hits you but does no damage.
You block the orc priest's attack. The orc hits you but does no damage.
You shoot an arrow.
The arrow hits the orc priest but does no damage.
The orc priest is almost dead.
The orc priest mumbles some strange prayers to Beogh against you.
Beogh smites you!
You die...

#............#..###
#..................
##...........##..###
#.......#....# .)..
#.......###### ...
#.......# ...
#.......#######.
#...{o..........
#..oo@..######..
......o#.##
#####oo#.# #..#.#
...#.# .#..#.#
.....#.# ## #.##.#
...


You could see an orc priest and 5 orcs.

Vanquished Creatures
  Pargi (Sewer)
  2 ogres
  A brain worm (Sewer)
  3 hounds
  An orc priest (D:4)
  Natasha (thrice) (D:2)
  An iguana (D:5)
  3 orc wizards (D:3)
  Robin (D:3)
  3 adders
  A gnoll (D:3)
  A white imp (D:5)
  3 dart slugs
  3 ribbon worms
  8 orcs
  4 endoplasms
  5 giant cockroaches
  16 goblins
  4 hobgoblins (D:3)
  A jackal (D:3)
  2 quokkas (D:1)
  4 ball pythons (D:4)
  10 bats
  2 frilled lizards (D:1)
  10 kobolds
  6 rats
99 creatures vanquished.

Notes
Turn   | Place    | Note
-------+----------+-------------------------------------------
     0 | D:1      | qw the Gargoyle Hunter began the quest for the Orb.
     0 | D:1      | Reached XP level 1. HP: 12/12 MP: 1/1
     0 | D:1      | 0 ||| qw: Version: 0.3-a-132-g3d54051
     0 | D:1      | 0 ||| qw: Game counter: 341
     0 | D:1      | 0 ||| qw: Melee chars always use a shield: true
     0 | D:1      | 0 ||| qw: God list: Okawaru
     0 | D:1      | 0 ||| qw: Allow faded altars: false
     0 | D:1      | 0 ||| qw: Do Orc after clearing Dungeon:15 true
     0 | D:1      | 0 ||| qw: Do second Lair branch before Depths: true
     0 | D:1      | 0 ||| qw: Lair rune preference: random
     0 | D:1      | 0 ||| qw: Goals: Normal
     0 | D:1      | 0 ||| PLANNING D:1-11
    22 | D:1      | HP: 3/12 [kobold/+0 dagger (3)]
   124 | D:1      | Reached XP level 2. HP: 17/17 MP: 2/2
   296 | D:1      | You fall into a shaft and drop 1 floor!
   414 | D:2      | 414 ||| FLEEEEING.
   419 | D:2      | 419 ||| STAIRDANCE
   447 | D:1      | Reached XP level 3. HP: 21/21 MP: 3/3
   539 | D:1      | Reached skill level 5 in Ranged Weapons
   648 | D:1      | 648 ||| UPGRADING to +0 ring mail.
   658 | D:1      | 658 ||| DROPPING +0 leather armour.
   659 | D:1      | 659 ||| DROPPING scarf of harm.
   660 | D:1      | 660 ||| UPGRADING to amulet of reflection.
   665 | D:1      | 665 ||| READING scroll labelled RIVAWK GOUROM.
   766 | D:1      | 766 ||| READING scroll labelled GEETEM COAKU.
   767 | D:1      | 767 ||| READING scroll labelled KUSINT TOUQUP.
   767 | D:1      | 767 ||| IDENTIFYING bubbling coppery potion
   768 | D:1      | 768 ||| DRINKING 2 smoky dark potions.
   769 | D:1      | 769 ||| DROPPING scroll of butterflies.
   770 | D:1      | 770 ||| DROPPING potion of lignification.
  1131 | D:2      | Noticed Natasha
  1136 | D:2      | Killed Natasha
  1137 | D:2      | Reached XP level 4. HP: 26/26 MP: 4/4
  1173 | D:2      | 1173 ||| FLEEEEING.
  1256 | D:2      | Noticed Natasha
  1264 | D:2      | Killed Natasha
  1265 | D:2      | Reached skill level 3 in Fighting
  1265 | D:2      | 1265 ||| FLEEEEING.
  1327 | D:2      | Noticed Natasha
  1333 | D:2      | Killed Natasha
  1334 | D:2      | Reached XP level 5. HP: 32/32 MP: 5/5
  1519 | D:2      | 1519 ||| READING scroll labelled KACEAF KOMAKAE.
  1520 | D:2      | 1520 ||| READING scroll labelled PADEBLAUCU.
  1585 | D:3      | Reached skill level 6 in Ranged Weapons
  1594 | D:3      | HP: 8/32 [orc wizard/magic dart (3)]
  1595 | D:3      | 1595 ||| DRINKING 2 potions of heal wounds.
  1606 | D:3      | Reached XP level 6. HP: 18/38 MP: 6/6
  1613 | D:3      | HP: 4/38 [orc wizard/puff of flame (7)]
  1614 | D:3      | 1614 ||| DRINKING potion of heal wounds.
  1617 | D:3      | 1617 ||| FLEEEEING.
  1705 | D:3      | Noticed Robin
  1741 | D:3      | Killed Robin
  2098 | D:3      | 2098 ||| UPGRADING to +2 helmet.
  2345 | D:3      | Found a glowing golden altar of the Shining One.
  2374 | D:4      | 2374 ||| PLANNING SEWER
  2377 | D:4      | 2377 ||| STAIRDANCE
  2382 | D:3      | HP: 8/38 [ogre/+0 giant club (15)]
  2383 | D:3      | 2383 ||| DRINKING potion of heal wounds.
  2388 | D:3      | 2388 ||| FLEEEEING.
  2395 | D:3      | 2395 ||| STAIRDANCE
  2460 | D:4      | Found a glowing drain.
  2465 | D:4      | 2465 ||| DRINKING 2 glowing cyan potions.
  2475 | Sewer    | Entered a sewer
  2499 | Sewer    | Reached skill level 7 in Ranged Weapons
  2499 | Sewer    | Reached XP level 7. HP: 43/43 MP: 7/7
  2503 | Sewer    | Noticed Pargi
  2511 | Sewer    | Killed Pargi
  2545 | Sewer    | 2545 ||| UPGRADING to +0 troll leather armour {Pargi}.
  2555 | Sewer    | 2555 ||| DROPPING +0 ring mail.
  2564 | D:4      | 2564 ||| PLANNING D:1-11
  2803 | D:4      | Found a sacrificial altar of Ru.
  3020 | D:5      | Entered Level 5 of the Dungeon
  3049 | D:5      | Reached skill level 8 in Ranged Weapons
  3049 | D:5      | 3049 ||| FLEEEEING.
  3140 | D:5      | HP: 8/44 [orc/+0 trident (5)]
  3143 | D:5      | HP: 2/44 [orc/+0 hand axe (5)]
  3145 | D:5      | Killed from afar by an orc priest

Levels and vault maps discovered:
D:1:      scummos_arrival_forest, layout_basic
D:2:      layout_loops_cross, uniq_natasha
D:3:      minmay_recursive_quarters, layout_rooms, lemuel_tele_altar,
          kennysheep_nub, uniq_robin
D:4:      layout_cave_pools, nicolae_ru_path_of_blood,
          cheibrodos_sewer_entry_drain, kennysheep_cross_room
D:5:      layout_basic, mainiacjoe_overflow_catwalk, minitemple, temple_statues,
          uniq_blork_the_orc, uniq_ijyb

Skill      XL: |  1  2  3  4  5  6  7 |
---------------+----------------------+-----
Ranged Weapons | 5 6 7 8 |  8.1
Armour         | 2 |  2.2
Fighting       | 3 4 |  4.6
Dodging        | 2 |  2.0
Stealth        | |  1.1

Action                     |  1- 3 |  4- 6 |  7- 9 || total
---------------------------+-------+-------+-------++-------
   Fire: Shortbow          |   105 |   187 |   103 ||   395
    Use: Scroll            |     3 |     2 |       ||     5
         Potion            |     1 |     4 |       ||     5
 Armour: Leather armour    |    25 |       |       ||    25
         Ring mail         |     5 |   186 |     3 ||   194
         Troll leather arm |       |       |    37 ||    37
  Dodge: Dodged            |    25 |   140 |    30 ||   195
  Block: Other             |     3 |    51 |    17 ||    71
         Reflection        |     1 |     1 |     1 ||     3

Table legend:
 A = Non-vault XP
 B = Vault XP
 C = Vault XP percentage of total XP
 D = Non-vault monster count
 E = Vault monster count
 F = Vault count percentage of total count
                 A         B        C        D         E       F
            +---------+---------+-------+---------+---------+-------
      Total |     720 |     381 |  34.6 |      67 |      32 |  32.3
            +---------+---------+-------+---------+---------+-------
        D:1 |      33 |       0 |   0.0 |      21 |       0 |   0.0
        D:2 |     104 |      35 |  25.2 |      12 |       1 |   7.7
        D:3 |     263 |     116 |  30.6 |      16 |      23 |  59.0
        D:4 |     109 |       5 |   4.4 |      13 |       2 |  13.3
        D:5 |     211 |       0 |   0.0 |       5 |       0 |   0.0
      Sewer |       0 |     225 | 100.0 |       0 |       6 | 100.0
            +---------+---------+-------+---------+---------+-------
